| TOP OF THE 1ST |
|
New Jersey Devils batting - Pitching for Columbus Reds : RHP Matt Cronin
|
|
Pitching: RHP Matt Cronin
|
|
|
Batting: LHB Matt Baker
|
0-0: Bunted foul 0-1: Swinging Strike 0-2: Foul Ball, location: 2F 0-2: Ball 1-2: Ball 2-2: Strikes out swinging
|
|
Batting: LHB Dan Bremseth
|
0-0: Ground out 4-3 (Groundball, 4M, EV 86.3 MPH)
|
|
Batting: RHB Gang-sheng Chew
|
0-0: Ball 1-0: Ball 2-0: Ground out 6-3 (Groundball, 6, EV 101.3 MPH)
|
| Top of the 1st over - 0 runs, 0 hits, 0 errors, 0 left on base; New Jersey 0 - Columbus 0 |
| BOTTOM OF THE 1ST |
|
Columbus Reds batting - Pitching for New Jersey Devils : LHP Larry Shoop
|
|
Pitching: LHP Larry Shoop
|
|
|
Batting: LHB Keith Egan
|
0-0: Ball 1-0: Ball 2-0: Called Strike 2-1: Ball 3-1: Foul Ball, location: 2F 3-2: Foul Ball, location: 2F 3-2: Ground out 4-3 (Groundball, 4M, EV 109.4 MPH)
|
|
Batting: RHB Sang-ton Pak
|
0-0: Ball 1-0: Fly out, F7 (Flyball, 78M, EV 93.1 MPH)
|
|
Batting: RHB Nick Miller
|
0-0: Ball 1-0: Called Strike 1-1: Ball 2-1: Ball 3-1: Called Strike 3-2: Foul Ball, location: 2F 3-2: Base on Balls
|
|
Batting: RHB Pat McCoy
|
0-0: Ball 1-0: Foul Ball, location: 2F 1-1: Ground out 5-3 (Groundball, 15, EV 81.9 MPH)
|
| Bottom of the 1st over - 0 runs, 0 hits, 0 errors, 1 left on base; New Jersey 0 - Columbus 0 |
| TOP OF THE 2ND |
|
New Jersey Devils batting - Pitching for Columbus Reds : RHP Matt Cronin
|
|
Batting: LHB Bayesa Mundhir
|
0-0: Ball 1-0: Ball 2-0: Called Strike 2-1: Swinging Strike 2-2: Strikes out looking
|
|
Batting: RHB Jose Lara
|
0-0: Called Strike 0-1: SINGLE (Line Drive, 34D, EV 105.6 MPH)
|
|
Batting: RHB Chris Artz
|
0-0: Swinging Strike 0-1: Foul Ball, location: 2F 0-2: Ball 1-2: Ball 2-2: Ball 3-2: Strikes out swinging
|
|
Batting: SHB Nick Daigle
|
0-0: Ball 1-0: Called Strike 1-1: Swinging Strike 1-2: Foul Ball, location: 2F 1-2: Strikes out swinging
|
| Top of the 2nd over - 0 runs, 1 hit, 0 errors, 1 left on base; New Jersey 0 - Columbus 0 |
| BOTTOM OF THE 2ND |
|
Columbus Reds batting - Pitching for New Jersey Devils : LHP Larry Shoop
|
|
Batting: LHB Tim Kirk
|
0-0: Called Strike 0-1: Foul Ball, location: 2F 0-2: Ball 1-2: Ball 2-2: Ball 3-2: SINGLE (Groundball, 34D, EV 96.9 MPH)
|
|
Batting: RHB Fred Barbour
|
0-0: Ball 1-0: Grounds into double play, 5-4-3 (Groundball, 5, EV 103.1 MPH)
|
|
Batting: RHB Alex Villagomez
|
0-0: DOUBLE (Groundball, 5L, EV 108.1 MPH)
|
|
Batting: LHB Elijah Benton
|
0-0: Foul Ball, location: 2F 0-1: Ball 1-1: Ball 2-1: Ground out 5-3 (Groundball, 15, EV 76.9 MPH)
|
| Bottom of the 2nd over - 0 runs, 2 hits, 0 errors, 1 left on base; New Jersey 0 - Columbus 0 |
| TOP OF THE 3RD |
|
New Jersey Devils batting - Pitching for Columbus Reds : RHP Matt Cronin
|
|
Batting: RHB Chris Graham
|
0-0: Called Strike 0-1: Ball 1-1: Ground out U3 (Groundball, 34, EV 93.1 MPH)
|
|
Batting: SHB Keith Casner
|
0-0: Ball 1-0: Foul Ball, location: 2F 1-1: Called Strike 1-2: Fly out, F9 (Line Drive, 9, EV 92.5 MPH)
|
|
Batting: LHB Matt Baker
|
0-0: Ball 1-0: DOUBLE (Line Drive, 7LM, EV 107.5 MPH)
|
|
Batting: LHB Dan Bremseth
|
0-0: Ball 1-0: Called Strike 1-1: Ground out 1-3 (Groundball, 34S, EV 66.9 MPH)
|
| Top of the 3rd over - 0 runs, 1 hit, 0 errors, 1 left on base; New Jersey 0 - Columbus 0 |
| BOTTOM OF THE 3RD |
|
Columbus Reds batting - Pitching for New Jersey Devils : LHP Larry Shoop
|
|
Batting: RHB Alex de Leon
|
0-0: Swinging Strike 0-1: Swinging Strike 0-2: Ball 1-2: Foul Ball, location: 2F 1-2: Foul Ball, location: 2F 1-2: Ball 2-2: Strikes out swinging
|
|
Batting: LHB Keith Egan
|
0-0: Ball 1-0: SINGLE (Line Drive, 7S, EV 99.4 MPH)
|
|
Batting: RHB Sang-ton Pak
|
0-0: Ball 1-0: Swinging Strike 1-1: Ball 2-1: Fly out, F7 (Line Drive, 7, EV 87.5 MPH)
|
|
Batting: RHB Nick Miller
|
0-0: Swinging Strike 0-1: DOUBLE (Flyball, 8RXD, EV 108.1 MPH) Keith Egan to third Runner from 3rd tries for Home, SAFE, throw by CF to home
|
|
Batting: RHB Pat McCoy
|
0-0: Fly out, F4 (Popup, 4S, EV 78.1 MPH)
|
| Bottom of the 3rd over - 1 run, 2 hits, 0 errors, 1 left on base; New Jersey 0 - Columbus 1 |
| TOP OF THE 4TH |
|
New Jersey Devils batting - Pitching for Columbus Reds : RHP Matt Cronin
|
|
Batting: RHB Gang-sheng Chew
|
0-0: Ground out 5-3 (Groundball, 56S, EV 84.4 MPH)
|
|
Batting: LHB Bayesa Mundhir
|
0-0: Ball 1-0: Called Strike 1-1: Swinging Strike 1-2: Fly out, F7 (Flyball, 7LM, EV 94.4 MPH)
|
|
Batting: RHB Jose Lara
|
0-0: Swinging Strike 0-1: Ball 1-1: Foul Ball, location: 2F 1-2: Strikes out swinging
|
| Top of the 4th over - 0 runs, 0 hits, 0 errors, 0 left on base; New Jersey 0 - Columbus 1 |
| BOTTOM OF THE 4TH |
|
Columbus Reds batting - Pitching for New Jersey Devils : LHP Larry Shoop
|
|
Batting: LHB Tim Kirk
|
0-0: Called Strike 0-1: Called Strike 0-2: Ball 1-2: Ball 2-2: Foul Ball, location: 2F 2-2: Strikes out swinging
|
|
Batting: RHB Fred Barbour
|
0-0: Ground out 6-3 (Groundball, 6, EV 100.6 MPH)
|
|
Batting: RHB Alex Villagomez
|
0-0: Called Strike 0-1: SINGLE (Groundball, 6MD, EV 99.4 MPH)
|
|
Batting: LHB Elijah Benton
|
0-0: Called Strike 0-1: Ball 1-1: Swinging Strike 1-2: Foul Ball, location: 2F 1-2: Strikes out looking
|
| Bottom of the 4th over - 0 runs, 1 hit, 0 errors, 1 left on base; New Jersey 0 - Columbus 1 |
| TOP OF THE 5TH |
|
New Jersey Devils batting - Pitching for Columbus Reds : RHP Matt Cronin
|
|
Batting: RHB Chris Artz
|
0-0: Fly out, F7 (Flyball, 78D, EV 100.6 MPH)
|
|
Batting: SHB Nick Daigle
|
0-0: TRIPLE (Line Drive, 89XD, EV 105.6 MPH)
|
|
Batting: RHB Chris Graham
|
0-0: Ball 1-0: Fly out, F8 (Flyball, 89M, EV 93.8 MPH) Runner from 3rd tags up, SCORES, throw by CF
|
|
Batting: SHB Keith Casner
|
0-0: Foul Ball, location: 2F 0-1: Fly out, F8 (Line Drive, 8RD, EV 92.5 MPH)
|
| Top of the 5th over - 1 run, 1 hit, 0 errors, 0 left on base; New Jersey 1 - Columbus 1 |
| BOTTOM OF THE 5TH |
|
Columbus Reds batting - Pitching for New Jersey Devils : LHP Larry Shoop
|
|
Batting: RHB Alex de Leon
|
0-0: Ball 1-0: Ball 2-0: Ball 3-0: Base on Balls
|
|
Batting: LHB Keith Egan
|
0-0: Swinging Strike 0-1: Ball Alex de Leon steals 2nd, throwing error, E2 Alex de Leon to third 1-1: Fly out, F8 (Flyball, 8LD, EV 93.8 MPH) Runner from 3rd tags up, SCORES, no throw by CF
|
|
Batting: RHB Sang-ton Pak
|
0-0: Called Strike 0-1: Called Strike 0-2: Ball 1-2: SINGLE (Line Drive, 4D, EV 94.4 MPH)
|
|
Batting: RHB Nick Miller
|
0-0: Foul Ball, location: 2F 0-1: Ball 1-1: Swinging Strike 1-2: Ball 2-2: Foul Ball, location: 2F 2-2: Foul Ball, location: 2F 2-2: Strikes out looking
|
|
Batting: RHB Pat McCoy
|
0-0: Foul Ball, location: 2F 0-1: Swinging Strike 0-2: Ball 1-2: Ball 2-2: Fly out, F8 (Flyball, 89D, EV 90.6 MPH)
|
| Bottom of the 5th over - 1 run, 1 hit, 1 error, 1 left on base; New Jersey 1 - Columbus 2 |
| TOP OF THE 6TH |
|
New Jersey Devils batting - Pitching for Columbus Reds : RHP Matt Cronin
|
|
Batting: LHB Matt Baker
|
0-0: Ball 1-0: Swinging Strike 1-1: Ball 2-1: Swinging Strike 2-2: Strikes out swinging
|
|
Batting: LHB Dan Bremseth
|
0-0: Ball 1-0: Fly out, F9 (Flyball, 9LS, EV 85.6 MPH)
|
|
Batting: RHB Gang-sheng Chew
|
0-0: Ball 1-0: Called Strike 1-1: Ball 2-1: Swinging Strike 2-2: Foul Ball, location: 2F 2-2: Strikes out swinging
|
| Top of the 6th over - 0 runs, 0 hits, 0 errors, 0 left on base; New Jersey 1 - Columbus 2 |
| BOTTOM OF THE 6TH |
|
Columbus Reds batting - Pitching for New Jersey Devils : LHP Larry Shoop
|
|
Batting: LHB Tim Kirk
|
0-0: DOUBLE (Line Drive, 78M, EV 93.8 MPH)
|
|
Batting: RHB Fred Barbour
|
0-0: Ball 1-0: Reached via error on a dropped throw from 1B, E1 (Groundball, 34S, EV 86.3 MPH) Tim Kirk to third
|
|
Batting: RHB Alex Villagomez
|
0-0: Ball 1-0: Swinging Strike 1-1: Grounds into double play, 6-4-3 (Groundball, 6, EV 91.9 MPH) Tim Kirk scores
|
|
Batting: LHB Elijah Benton
|
0-0: Ball 1-0: Foul Ball, location: 2F 1-1: Ball 2-1: Foul Ball, location: 2F 2-2: Ground out 1-3 (Groundball, 15S, EV 75.6 MPH)
|
| Bottom of the 6th over - 1 run, 1 hit, 1 error, 0 left on base; New Jersey 1 - Columbus 3 |
| TOP OF THE 7TH |
|
New Jersey Devils batting - Pitching for Columbus Reds : RHP Matt Cronin
|
|
Batting: LHB Bayesa Mundhir
|
0-0: Called Strike 0-1: Ball 1-1: Called Strike 1-2: Hit by Pitch
|
|
Batting: RHB Jose Lara
|
0-0: SINGLE (Groundball, 4MD, EV 93.8 MPH) Bayesa Mundhir to second
|
|
Pinch Hitting: LHB Jeremy Moorehead
|
0-0: Swinging Strike 0-1: Fielders Choice at 2nd, 3-6 (Groundball, 34S, EV 91.9 MPH) Bayesa Mundhir to third
|
|
Batting: SHB Nick Daigle
|
0-0: Called Strike 0-1: Ball 1-1: Ball 2-1: SINGLE (Line Drive, 7S, EV 108.1 MPH) Bayesa Mundhir scores Jeremy Moorehead to second
|
|
Pinch Hitting: SHB Justin Wallace
|
0-0: Foul Ball, location: 2F 0-1: Ball 1-1: Ball 2-1: Foul Ball, location: 2F 2-2: Foul Ball, location: 2F 2-2: Ball 3-2: Base on Balls Jeremy Moorehead to third Nick Daigle to second
|
|
Batting: SHB Keith Casner
|
0-0: Ball 1-0: Called Strike 1-1: SINGLE (Groundball, 34D, EV 108.1 MPH) Jeremy Moorehead scores Nick Daigle to third Justin Wallace to second
|
|
Batting: LHB Matt Baker
|
0-0: Ball 1-0: Called Strike 1-1: Called Strike 1-2: Foul Ball, location: 2F 1-2: Ball 2-2: TRIPLE (Flyball, 9LD, EV 111.3 MPH) Nick Daigle scores Justin Wallace scores Keith Casner scores
|
|
Batting: LHB Dan Bremseth
|
0-0: Called Strike 0-1: Ball 1-1: Swinging Strike 1-2: Ball 2-2: Foul Ball, location: 2F 2-2: Strikes out swinging
|
|
Pitching: RHP Kyle Vance
|
|
|
Batting: RHB Gang-sheng Chew
|
0-0: Swinging Strike 0-1: Swinging Strike 0-2: Ball 1-2: Foul Ball, location: 2F 1-2: Strikes out looking
|
| Top of the 7th over - 5 runs, 4 hits, 0 errors, 1 left on base; New Jersey 6 - Columbus 3 |
| BOTTOM OF THE 7TH |
|
Columbus Reds batting - Pitching for New Jersey Devils : LHP Larry Shoop
|
|
Now at SS: Jason Caruso
|
|
|
Now in LF: Alex Cavazos
|
|
|
Batting: RHB Alex de Leon
|
0-0: Ball 1-0: Ground out 4-3 (Groundball, 4M, EV 81.9 MPH)
|
|
Batting: LHB Keith Egan
|
0-0: Ball 1-0: Ball 2-0: Called Strike 2-1: Called Strike 2-2: Ball 3-2: Foul Ball, location: 2F 3-2: Ground out 4-3 (Groundball, 34, EV 86.3 MPH)
|
|
Batting: RHB Sang-ton Pak
|
0-0: Ball 1-0: Called Strike 1-1: Swinging Strike 1-2: Ball 2-2: Strikes out looking
|
| Bottom of the 7th over - 0 runs, 0 hits, 0 errors, 0 left on base; New Jersey 6 - Columbus 3 |
| TOP OF THE 8TH |
|
New Jersey Devils batting - Pitching for Columbus Reds : RHP Kyle Vance
|
|
Batting: LHB Bayesa Mundhir
|
0-0: Swinging Strike 0-1: Called Strike 0-2: Strikes out looking
|
|
Batting: RHB Jose Lara
|
0-0: Foul Ball, location: 2F 0-1: Ball 1-1: Foul Ball, location: 2F 1-2: Foul Ball, location: 2F 1-2: Fly out, F5 (Flyball, 5D, EV 90.0 MPH)
|
|
Batting: SHB Jason Caruso
|
0-0: Called Strike 0-1: Ball 1-1: Swinging Strike 1-2: Foul Ball, location: 2F 1-2: Strikes out swinging
|
| Top of the 8th over - 0 runs, 0 hits, 0 errors, 0 left on base; New Jersey 6 - Columbus 3 |
| BOTTOM OF THE 8TH |
|
Columbus Reds batting - Pitching for New Jersey Devils : LHP Larry Shoop
|
|
Pitching: RHP Thomas Clark
|
|
|
Batting: RHB Nick Miller
|
0-0: Called Strike 0-1: Ball 1-1: Ball 2-1: Foul Ball, location: 2F 2-2: Ground out 6-3 (Groundball, 6, EV 90.6 MPH)
|
|
Batting: RHB Pat McCoy
|
0-0: Foul Ball, location: 2F 0-1: Ball 1-1: Ground out 4-3 (Groundball, 4, EV 102.5 MPH)
|
|
Batting: LHB Tim Kirk
|
0-0: Ball 1-0: Fly out, F7 (Flyball, 78M, EV 86.3 MPH)
|
| Bottom of the 8th over - 0 runs, 0 hits, 0 errors, 0 left on base; New Jersey 6 - Columbus 3 |
| TOP OF THE 9TH |
|
New Jersey Devils batting - Pitching for Columbus Reds : RHP Kyle Vance
|
|
Batting: SHB Nick Daigle
|
0-0: Foul Ball, location: 2F 0-1: Fly out, F8 (Flyball, 78D, EV 85.6 MPH)
|
|
Batting: SHB Alex Cavazos
|
0-0: Ball 1-0: Ball 2-0: Ball 3-0: Called Strike 3-1: Ground out 1-3 (Groundball, 15S, EV 62.5 MPH)
|
|
Batting: SHB Keith Casner
|
0-0: Ball 1-0: Swinging Strike 1-1: Ball 2-1: Ball 3-1: Base on Balls
|
|
Batting: LHB Matt Baker
|
0-0: Reached on error, E3 (Groundball, 34D, EV 104.4 MPH) Keith Casner to second
|
|
Batting: LHB Dan Bremseth
|
0-0: SINGLE (Flyball, 9LM, EV 92.5 MPH) Keith Casner to third Matt Baker to second Runner from 3rd tries for Home, SAFE, throw by RF to home Matt Baker to third Dan Bremseth to second
|
|
Batting: RHB Gang-sheng Chew
|
0-0: Called Strike 0-1: Fly out, F7 (Flyball, 7D, EV 108.1 MPH)
|
| Top of the 9th over - 1 run, 1 hit, 1 error, 2 left on base; New Jersey 7 - Columbus 3 |
| BOTTOM OF THE 9TH |
|
Columbus Reds batting - Pitching for New Jersey Devils : RHP Thomas Clark
|
|
Pitching: LHP Joe Edwards
|
|
|
Batting: RHB Fred Barbour
|
0-0: Ball 1-0: SINGLE (Groundball, 56D, EV 98.1 MPH)
|
|
Batting: RHB Alex Villagomez
|
0-0: Grounds into double play, 5-4-3 (Groundball, 56, EV 87.5 MPH)
|
|
Batting: LHB Elijah Benton
|
0-0: Reached on error, E6 (Groundball, 6, EV 92.5 MPH)
|
|
Batting: RHB Alex de Leon
|
0-0: Ball 1-0: Ball 2-0: Ball 3-0: Base on Balls Elijah Benton to second
|
|
Pitching: LHP Keith Noftall
|
|
|
Batting: LHB Keith Egan
|
0-0: Ball 1-0: Swinging Strike 1-1: Ball 2-1: Ball 3-1: Base on Balls Elijah Benton to third Alex de Leon to second
|
|
Batting: RHB Sang-ton Pak
|
0-0: Foul Ball, location: 2F 0-1: Swinging Strike 0-2: Strikes out looking
|
| Bottom of the 9th over - 0 runs, 1 hit, 1 error, 3 left on base; New Jersey 7 - Columbus 3 |
|